Map: Frozen Temple

Players

Happy

  • Race: Terran Terran
  • League: Diamond

Has - Winner!

  • Race: Protoss Protoss

Event: DreamHack Open Tours WCS Spring Championship

VOD

https://www.youtube.com/watch?v=58oHFkdCRzc

Description

Time

  • Played on: May 14, 2016, 12:50 p.m.
  • Length: 20:19

All games in this series

Show
View Real Time Build Order
Export as new Build Order

Happy Terran 

Build Orders: Cyclone Opening 

Get SALT Encoding   

  12  0:00  SCV  
  13  0:12  SCV  
  14  0:17  Supply Depot  
  14  0:24  SCV  
  15  0:28  Refinery  
  15  0:38  SCV  
  16  0:44  Barracks  
  16  0:50  SCV  
  17  1:03  SCV  
  18  1:15  SCV  
  19  1:27  SCV  
  19  1:31  Factory, Marine  
  21  1:39  Supply Depot, Orbital Command  
  21  1:49  Bunker  
  21  1:55  Refinery  
  21  1:56  Marine  
  22  2:05  SCV  
  23  2:16  Marine  
  23  2:17  Factory Tech Lab  
  23  2:20  SCV  
  23  2:21  Engineering Bay  
  25  2:32  SCV  
  25  2:35  Cyclone  
  29  2:38  Marine  
  29  2:42  Supply Depot  
  29  2:46  SCV  
  30  2:54  Starport  
  30  2:56  Barracks Reactor  
  30  3:02  SCV  
  30  3:22  Siege Tank  
  30  3:25  SCV  
  30  3:26  Supply Depot  
  33  3:35  Marine  
  33  3:36  Marine  
  35  3:51  Command Center  
  35  3:52  SCV  
  36  3:57  Medivac  
  36  3:58  Marine x2  
  40  4:05  SCV  
  40  4:08  Engineering Bay  
  41  4:15  Marine  
  41  4:16  Marine  
  45  4:24  Siege Tank  
  45  4:25  SCV  
  45  4:29  Supply Depot  
  46  4:39  Missile Turret  
  46  4:50  Medivac  
  48  4:58  SCV  
  46  5:02  Marine x2  
  46  5:04  Orbital Command  
  48  5:08  Siege Tank  
  51  5:15  Barracks  
  51  5:19  SCV  
  52  5:21  Marine x2  
  52  5:28  Medivac  
  56  5:43  Marine x2, Barracks  
  56  5:49  Siege Tank  
  61  5:52  SCV  
  60  5:57  SCV  
  60  6:02  Supply Depot  
  60  6:03  Marine x2  
  61  6:08  SCV  
  62  6:19  Orbital Command  
  62  6:20  Bunker  
  60  6:27  Missile Turret  
  60  6:28  Barracks Tech Lab  
  60  6:31  SCV  
  60  6:35  Barracks Tech Lab, Siege Tank  
  63  6:43  SCV  
  63  6:44  SCV  
  64  6:55  SCV  
  64  6:56  SCV  
  64  6:57  Supply Depot  
  66  7:03  Missile Turret  
  66  7:07  SCV  
  67  7:08  SCV  
  67  7:09  Stimpack  
  67  7:15  Combat Shields  
  68  7:16  Starport Reactor  
  68  7:19  SCV  
  69  7:26  SCV  
  69  7:29  Supply Depot  
  70  7:30  Marauder  
  70  7:31  SCV, Marauder  
  75  7:38  SCV  
  75  7:43  SCV  
  77  7:47  Marine  
  77  7:50  SCV  
  79  7:52  Siege Tank  
  79  7:53  Marauder x2, Marine  
  87  8:00  Supply Depot, SCV, Terran Infantry Weapons Level 1  
  87  8:02  Refinery, SCV  
  89  8:06  Supply Depot, Refinery  
  89  8:11  Marine  
  87  8:13  SCV  
  87  8:14  Marine  
  87  8:15  SCV, Marine x2  
  92  8:25  SCV  
  93  8:27  SCV  
  93  8:29  Medivac, Marine  
  93  8:32  Marine  
  93  8:33  Marine x2  
  93  8:34  Medivac  
  102  8:38  Supply Depot  
  103  8:47  Barracks  
  102  8:52  Factory Reactor, Barracks  
  105  9:02  Marauder  
  105  9:03  Marauder, Marine x2  
  107  9:13  Medivac x2  
  107  9:14  Ghost Academy  
  111  9:21  Marine  
  114  9:24  Marauder  
  114  9:30  Marine  
  116  9:39  Marine  
  116  9:41  Barracks Tech Lab  
  116  9:43  Supply Depot  
  116  9:44  Supply Depot  
  117  9:46  Medivac  
  117  9:51  Supply Depot x2  
  117  9:52  Marine  
  122  9:53  Marauder x3  
  122  9:57  Marine  
  126  10:01  Supply Depot  
  126  10:04  Medivac, Marine  
  129  10:12  Supply Depot, Terran Infantry Armor Level 1  
  129  10:16  Marine x3  
  129  10:19  Marine  
  131  10:32  Marine  
  131  10:33  Marauder  
  131  10:34  Marine  
  135  10:40  Ghost  
  137  10:43  Ghost  
  137  10:47  Marine  
  140  10:52  Concussive Shells  
  140  10:54  Marine  
  140  10:57  Marauder  
  143  10:59  Marauder  
  145  11:04  Marine  
  146  11:12  Marine  
  146  11:13  Marauder x2  
  152  11:20  Marauder  
  152  11:25  Marauder, Marine  
  155  11:30  Marine  
  156  11:36  Marauder x2  
  159  11:41  Medivac x2, Marine  
  159  11:46  Marine  
  165  11:47  Marauder  
  165  11:48  Marine  
  168  11:57  Marine  
  168  11:58  Marauder  
  100  12:11  Medivac x2  
  91  12:25  Marine  
  91  12:26  Marauder  
  94  12:41  Marauder x2, Marine x2  
  100  12:50  Marine  
  100  12:51  Marauder  
  103  12:56  Medivac  
  103  12:58  Marine, Orbital Command  
  98  13:07  Marine  
  98  13:08  Marauder, Marine  
  93  13:25  Medivac  
  66  14:24  Orbital Command  
  66  14:34  Orbital Command  
  63  15:02  Orbital Command  
  58  15:57  SCV  
  59  16:09  SCV  
  60  16:26  SCV, Bunker  
  61  16:45  SCV  
  62  16:57  SCV  
  62  16:58  Marine  
  62  17:09  SCV, Missile Turret  
  63  17:21  SCV  
  64  17:33  SCV  
  64  17:48  SCV  
  65  17:53  Barracks  
  65  17:55  Marine  
  66  18:00  SCV  
  67  18:16  SCV  
  67  18:18  Marine  
  69  18:28  SCV  
  70  18:36  Marine  
  71  18:42  Supply Depot  
  71  18:44  Supply Depot  
  71  19:18  Supply Depot  
  71  19:19  Supply Depot  
  71  19:40  Supply Depot  
  71  19:41  Supply Depot  
  71  20:00  Barracks  
Show
View Real Time Build Order
Export as new Build Order

Has Protoss - Winner!

Build Orders: Phoenix Opening 

Get SALT Encoding   

  12  0:00  Probe (Chrono Boost)  
  13  0:11  Probe (Chrono Boost)  
  14  0:16  Pylon  
  14  0:22  Probe (Chrono Boost)  
  15  0:35  Probe (Chrono Boost), Gateway  
  16  0:45  Probe (Chrono Boost)  
  16  0:48  Assimilator  
  17  0:53  Assimilator  
  17  0:56  Probe (Chrono Boost)  
  18  1:06  Probe (Chrono Boost)  
  18  1:08  Gateway  
  19  1:17  Probe (Chrono Boost)  
  20  1:22  Cybernetics Core  
  20  1:27  Probe (Chrono Boost)  
  21  1:35  Pylon  
  21  1:38  Probe (Chrono Boost)  
  22  1:48  Probe (Chrono Boost)  
  23  1:58  Stalker  
  23  1:59  Mothership Core (Chrono Boost)  
  27  2:04  Stalker  
  29  2:08  Warp Gate (Chrono Boost)  
  29  2:14  Pylon  
  29  2:17  Probe (Chrono Boost)  
  29  2:31  Stalker  
  31  2:37  Stalker  
  33  2:52  Gateway  
  33  2:54  Stargate  
  33  3:07  Pylon  
  31  3:24  Stalker x2  
  31  3:26  Pylon  
  35  3:37  Phoenix (Chrono Boost)  
  37  3:47  Pylon  
  37  3:59  Phoenix (Chrono Boost)  
  39  4:12  Nexus  
  40  4:24  Phoenix (Chrono Boost)  
  40  4:37  Stalker  
  42  4:39  Stalker  
  44  4:57  Probe  
  45  5:02  Phoenix (Chrono Boost)  
  47  5:08  Pylon  
  47  5:09  Probe  
  48  5:21  Probe  
  48  5:23  Phoenix (Chrono Boost)  
  48  5:25  Probe  
  52  5:34  Probe  
  53  5:36  Probe  
  54  5:43  Twilight Council  
  54  5:46  Probe x2  
  54  5:49  Phoenix (Chrono Boost)  
  58  5:58  Probe  
  58  6:03  Probe  
  59  6:07  Forge  
  59  6:10  Probe  
  61  6:15  Probe  
  62  6:21  Resonating Glaives (Chrono Boost)  
  62  6:22  Probe  
  63  6:25  Probe  
  63  6:29  Nexus  
  64  6:34  Probe  
  64  6:36  Probe  
  66  6:43  Pylon  
  66  6:45  Protoss Ground Weapons Level 1 (Chrono Boost)  
  67  6:47  Probe  
  67  6:51  Probe  
  68  6:59  Probe  
  68  7:00  Pylon  
  69  7:03  Probe  
  70  7:11  Probe  
  70  7:12  Gateway  
  70  7:14  Gateway x2  
  71  7:16  Probe  
  72  7:23  Probe  
  72  7:28  Probe  
  74  7:35  Probe  
  75  7:39  Probe  
  75  7:40  Probe  
  75  7:42  Phoenix  
  73  7:47  Probe  
  73  7:48  Gateway  
  73  7:50  Probe  
  74  7:51  Gateway  
  74  7:52  Probe  
  74  7:53  Gateway  
  76  7:59  Probe  
  76  8:00  Probe  
  76  8:04  Probe  
  79  8:07  Nexus  
  79  8:11  Probe x2  
  81  8:15  Phoenix  
  81  8:16  Probe  
  82  8:21  Probe  
  82  8:26  Probe  
  84  8:28  Probe  
  84  8:32  Probe  
  86  8:35  Protoss Ground Armor Level 1 (Chrono Boost)  
  86  8:36  Gateway  
  86  8:38  Probe  
  86  8:40  Probe, Gateway  
  88  8:42  Probe, Gateway  
  88  8:44  Phoenix, Gateway  
  91  8:50  Probe, Robotics Facility  
  91  8:53  Probe  
  91  8:54  Probe  
  94  8:55  Assimilator  
  94  8:57  Assimilator  
  94  9:05  Pylon  
  94  9:07  Pylon  
  94  9:10  Gateway  
  94  9:11  Gateway  
  94  9:12  Gateway  
  94  9:13  Phoenix  
  96  9:32  Pylon x2  
  96  9:33  Pylon  
  96  9:42  Pylon  
  96  9:43  Adept x2  
  96  9:44  Adept x10  
  120  9:50  Observer (Chrono Boost)  
  120  9:51  Stargate  
  121  9:56  Assimilator  
  121  9:57  Pylon, Assimilator  
  121  10:15  Pylon  
  121  10:16  Pylon, Adept x4  
  121  10:17  Adept x5  
  121  10:18  Pylon  
  121  10:20  Adept x2  
  143  10:23  Protoss Ground Armor Level 2  
  143  10:33  Warp Prism (Chrono Boost)  
  145  10:37  Phoenix (Chrono Boost)  
  147  10:46  Adept  
  147  10:47  Adept x6  
  160  10:57  Mothership Core  
  160  10:59  Oracle (Chrono Boost)  
  160  11:02  Pylon  
  165  11:07  Adept x5  
  175  11:12  Adept x3  
  181  11:21  Adept x5  
  191  11:45  Adept x5  
  181  12:03  Adept x9  
  181  12:04  Adept  
  139  12:12  Adept x5  
  113  12:35  Adept x7  
  113  12:36  Adept x7  
  141  12:43  Adept  
  143  12:59  Adept  
  143  13:00  Adept x7  
  138  13:13  Adept x4  
  145  13:28  Adept x2  
  147  13:48  Adept  
  149  13:49  Adept x2  
  117  14:20  Nexus  
  101  15:40  Pylon  
  101  15:42  Pylon x2  
  101  15:58  Pylon  
  101  16:12  Pylon  
  101  16:13  Protoss Ground Weapons Level 2  
  101  16:24  Pylon  
  101  16:25  Pylon  
  100  16:46  Dark Shrine  
  100  16:58  Adept x6  
  112  17:16  Assimilator  
  112  17:17  Assimilator  
  112  17:31  Nexus  
  112  18:25  Nexus  
  112  18:26  Pylon  
  112  18:35  Probe  
  112  18:39  Probe  
  114  18:47  Probe  
  115  18:52  Probe  
  116  18:59  Probe  
  117  19:02  Assimilator  
  117  19:03  Probe, Assimilator  
  117  19:06  Probe  
  119  19:11  Probe  
  119  19:13  Probe  
  121  19:21  Probe  
  121  19:23  Probe  
  121  19:24  Probe  
  123  19:31  Probe, Pylon  
  124  19:34  Probe  
  124  19:35  Probe  
  127  19:39  Dark Templar x4  
  127  19:40  Dark Templar x3  
  127  19:41  Dark Templar, Adept  
  127  19:42  Probe  
  127  19:43  Archon  
  127  19:44  Archon x2  
  127  19:45  Probe, Archon  
  146  19:47  Probe  
  146  19:48  Probe  
  149  19:52  Probe  
  149  19:53  Pylon  
  149  19:55  Probe  
  152  20:00  Probe  
  152  20:10  Adept  
  152  20:11  Adept x2  
  152  20:12  Adept x5  
  152  20:13  Adept  

Tags
 
Add a new tag
Caveats
  • Supply blocks, unpowered buildings, or Contaminate may cause inaccurate times.
  • Supply counts are checked every 10 seconds.